 Dungeon Crawl Stone Soup version 0.28.0-1-gb440e238dd (webtiles) character file.

Game seed: 12277107555027275759

2939 themarg the Cleaver (level 9, -4/79 (81) HPs)
             Began as a Minotaur Berserker on Feb 22, 2022.
             Was a Believer of Trog.
             Slain by a wight (6 damage)
             ... on level 7 of the Dungeon.
             The game lasted 00:18:09 (6925 turns).

themarg the Cleaver (Minotaur Berserker)            Turns: 6925, Time: 00:18:11

HP:   -4/79 (81)    AC:  4    Str: 27    XL:     9   Next: 51%
MP:   8/8           EV: 13    Int:  4    God:    Trog [**....]
Gold: 138           SH:  0    Dex:  9    Spells: 8/8 levels left

rFire   . . .      SeeInvis .   a - +0 hand axe
rCold   . . .      Faith    .   (no shield)
rNeg    . . .      Spirit   .   u - +0 leather armour
rPois   .          Reflect  .   (helmet restricted)
rElec   .          Harm     .   g - scarf {shadows}
rCorr   .          Rampage  .   (no gloves)
Will    .....                   y - +0 pair of boots
Stlth   ++........              x - amulet of the acrobat
HPRegen 0.23/turn               r - +4 ring of slaying
MPRegen 0.11/turn               (no ring)

@: on berserk cooldown, slowed, lightly drained, very slow
A: horns 2, retaliatory headbutt
a: Renounce Religion, Berserk, Trog's Hand


You were on level 7 of the Dungeon.
You worshipped Trog.
Trog was pleased with you.
You visited 1 branch of the dungeon, and saw 7 of its levels.

You collected 264 gold pieces.
You spent 126 gold pieces at shops.

Inventory:

Hand Weapons
 a - a +0 hand axe (weapon)
 B - a +0 war axe
Missiles
 e - 120 stones (quivered)
 m - 3 throwing nets
 t - 5 poisoned darts
Armour
 g - a scarf of shadows (worn)
 u - a +0 leather armour (worn)
 y - a +0 pair of boots (worn)
 C - +0 steam dragon scales
 D - a +0 plate armour
Jewellery
 r - a +4 ring of slaying (left hand)
 x - an amulet of the acrobat (around neck)
Wands
 o - a wand of acid (2)
Scrolls
 d - 2 scrolls of magic mapping
 f - 3 scrolls of immolation
 h - 2 scrolls of teleportation
 i - 2 scrolls of identify
 k - a scroll of fog
 l - a scroll of fear
 n - a scroll of blinking {unknown}
 s - a scroll of brand weapon
 v - a scroll of enchant armour {unknown}
 A - a scroll of vulnerability {unknown}
Potions
 b - a potion of mutation
 c - a potion of flight
 j - 2 potions of haste
 p - 2 potions of heal wounds
 q - a potion of ambrosia
 w - a potion of lignification {unknown}
 z - a potion of curing {unknown}


   Skills:
 + Level 8.2 Fighting
 + Level 11.6 Axes
 + Level 5.3 Armour
 + Level 5.9 Dodging
 + Level 2.6 Stealth
 + Level 0.2 Evocations


You had 8 spell levels left.
You didn't know any spells.
Your spell library was empty.

Dungeon Overview and Level Annotations

Branches:
Dungeon (7/15)
 Temple: D:4-7

Altars:
Cheibriados
Dithmenos
Makhleb
Sif Muna
Xom
Yredelemnul
The Shining One

Shops:
D:2 *   D:4 (*


Innate Abilities, Weirdness & Mutations

You have a pair of horns on your head.
You reflexively headbutt those who attack you in melee.


Message History

You destroy the wight!
Trog accepts your kill.
You are no longer berserk.
You are exhausted.
You feel yourself slow down. The wight completely misses you.
Things that are here:
a +3 falchion; a +0 robe You slash the wight!
You destroy the wight!
Trog accepts your kill.
You hit the orc. The orc closely misses you.
You closely miss the wight. You hit the orc. The orc closely misses you.
You slash the orc!
You kill the orc!
Trog accepts your kill.
You closely miss the orc. You hit the wight but do no damage.
The wight hits you from afar with a +2 trident of freezing!
The wight freezes you. The wight misses you. The orc closely misses you.
You hit the orc. You punch the orc.
You kill the orc!
Trog accepts your kill.
You slash the wight!
The wight hits you from afar with a +2 trident of freezing!
The wight freezes you.
The wight hits you with a +4 great sword of freezing!
You feel drained. The wight freezes you.
You hit the wight.
The wight is almost destroyed.
The wight misses you.
The wight hits you with a +4 great sword of freezing!
* * * LOW HITPOINT WARNING * * *
The wight freezes you.
* * * LOW HITPOINT WARNING * * *
You closely miss the wight.
The wight is almost destroyed.
The wight barely misses you.
The wight hits you with a +4 great sword of freezing!
* * * LOW HITPOINT WARNING * * *
The wight freezes you.
You die...

..........# ..........+
..........# ..........#
⌠.⌠ ..........# ###
.....))...# #.#
....z)@...# #.#
......z...##### #.#
##............# #.#
############.#
#.############........#.#
#..............######.#.#
###.#################.#.#
#).##<### #.........#.#
#.......# #.#########.#


You could see 2 wights.

Vanquished Creatures
  Pikel (D:6)
  Maggie (D:6)
  A troll (D:5)
  Eustachio (D:4)
  2 water moccasins (D:6)
  An ice beast (D:5)
  An orc warrior (D:6)
  A black bear (D:5)
  2 ogres
  3 lemures (D:6)
  A phantom (D:5)
  5 scorpions
  A water moccasin skeleton (D:4)
  3 wights (D:7)
  A howler monkey (D:4)
  2 centaur zombies (D:6)
  A bullfrog zombie (D:6)
  4 hounds
  An orc priest (D:3)
  A centaur skeleton (D:4)
  2 iguanas
  3 orc wizards
  11 gnolls
  8 adders
  A shadow imp (D:4)
  A worm (D:2)
  3 dart slugs
  18 orcs
  7 bats
  4 endoplasms
  2 giant cockroaches
  8 goblins
  5 hobgoblins
  3 jackals (D:1)
  4 quokkas
  7 ball pythons
  A frilled lizard (D:3)
  4 kobolds
  7 rats
133 creatures vanquished.

Notes
Turn   | Place    | Note
-------+----------+-------------------------------------------
     0 | D:1      | themarg the Minotaur Berserker began the quest for the Orb.
     0 | D:1      | Reached XP level 1. HP: 19/19 MP: 0/0
     0 | D:1      | Found a shimmering altar of Xom.
   215 | D:1      | Reached skill level 4 in Axes
   215 | D:1      | Reached XP level 2. HP: 27/27 MP: 1/1
   822 | D:2      | Reached XP level 3. HP: 33/33 MP: 2/2
   822 | D:2      | Found Rerphe's Assorted Antiques.
  1627 | D:2      | Reached ** piety under Trog
  1827 | D:3      | Reached skill level 5 in Axes
  1827 | D:3      | Reached XP level 4. HP: 36/40 MP: 3/3
  2027 | D:3      | Reached XP level 5. HP: 47/47 MP: 4/4
  2337 | D:3      | Found a faded altar of an unknown god.
  2482 | D:3      | Reached skill level 6 in Axes
  3050 | D:4      | Found a burning altar of Makhleb.
  3105 | D:4      | Noticed Eustachio
  3109 | D:4      | Found Aruschur's Antique Weapon Shop.
  3114 | D:4      | Killed Eustachio
  3115 | D:4      | Reached skill level 5 in Fighting
  3115 | D:4      | Reached skill level 1 in Stealth
  3115 | D:4      | Reached XP level 6. HP: 56/56 MP: 5/5
  3125 | D:4      | Reached skill level 7 in Axes
  3259 | D:4      | Reached XP level 7. HP: 36/61 MP: 6/6
  3656 | D:4      | Reached skill level 8 in Axes
  3692 | D:4      | Found a snail-covered altar of Cheibriados.
  3902 | D:4      | Found Rugaet's General Store.
  3909 | D:4      | Bought 2 scrolls of identify for 56 gold pieces
  3909 | D:4      | Bought a potion of heal wounds for 70 gold pieces
  3947 | D:4      | Found a shimmering blue altar of Sif Muna.
  4134 | D:5      | Entered Level 5 of the Dungeon
  4476 | D:5      | Noticed a troll
  4481 | D:5      | Killed a troll
  4482 | D:5      | Reached skill level 9 in Axes
  4482 | D:5      | Reached XP level 8. HP: 70/70 MP: 7/7
  4826 | D:5      | Found a glowing golden altar of the Shining One.
  4903 | D:5      | Found a basalt altar of Yredelemnul.
  5295 | D:6      | Reached skill level 5 in Dodging
  5392 | D:6      | Noticed Pikel
  5418 | D:6      | Killed Pikel
  5419 | D:6      | Reached skill level 10 in Axes
  5800 | D:6      | Found a shadowy altar of Dithmenos.
  5821 | D:6      | Reached XP level 9. HP: 74/80 MP: 8/8
  6358 | D:6      | Noticed Maggie
  6377 | D:6      | Killed Maggie
  6378 | D:6      | Reached skill level 11 in Axes
  6378 | D:6      | Reached skill level 5 in Armour
  6925 | D:7      | HP: 2/79 [wight (17)]
  6925 | D:7      | Slain by a wight

Illustrated notes

Levels and vault maps discovered:
D:1:      sevenhm_arrival_forest_fort_small_6, layout_rooms,
          nicolae_figureground_pulse
D:2:      layout_basic, serial_shops, shop
D:3:      layout_loops_ring, shapermc_ecumenical_altar_starsandcircs
D:4:      layout_rooms, mainiacjoe_overflow_24_doors, led_sif_book,
          overflow_temple_1_default, serial_shops, shop, nicolae_shop_crystal,
          uniq_eustachio
D:5:      layout_cave_pods, mainiacjoe_overflow_cross_hatched, tso_oasis_becter,
          minmay_strange_pillars
D:6:      layout_loops_ring, grunt_dithmenos_smoke_and_mirrors, uniq_pikel,
          uniq_maggie
D:7:      layout_basic, temple_doors_e

Skill      XL: |  1  2  3  4  5  6  7  8  9 |
---------------+----------------------------+-----
Axes           | 4 5 6 7 9 10 11 | 11.6
Fighting       | 4 5 6 7 8 |  8.2
Dodging        | 3 4 5 |  5.9
Stealth        | 1 2 |  2.6
Armour         | 3 4 5 |  5.3
Evocations     | |  0.2

Action                   |  1- 3 |  4- 6 |  7- 9 || total
-------------------------+-------+-------+-------++-------
Melee: Hand axe          |    59 |    71 |   181 ||   311
       Headbutt          |     9 |    13 |    31 ||    53
       Punch             |       |     1 |     2 ||     3
Invok: Berserk           |     1 |     3 |     6 ||    10
Evoke: Wand              |       |       |     1 ||     1
  Use: Scroll            |       |     3 |     7 ||    10
 Stab: Distracted        |       |       |     1 ||     1
Armor: Animal skin       |    16 |       |       ||    16
       Robe              |       |     9 |     1 ||    10
       Leather armour    |       |       |    21 ||    21
Dodge: Dodged            |    52 |    47 |    97 ||   196
